 Dungeon Crawl Stone Soup version 0.27.1-2-g3b301248ec (webtiles) character file.

Game seed: 4281916673103136910

17 Crownlay the Conjurer (level 2, 0/20 HPs)
             Began as a Gnoll Conjurer on Oct 2, 2021.
             Slain by a kobold (3 damage)
             ... on level 1 of the Dungeon.
             The game lasted 00:01:14 (262 turns).

Crownlay the Conjurer (Gnoll Conjurer)               Turns: 262, Time: 00:01:14

Health: 0/20       AC:  2    Str:  6    XL:     2   Next: 62%
Magic:  0/7        EV: 13    Int: 17    God:
Gold:   0          SH:  0    Dex: 10    Spells: 9/10 levels left

rFire    . . .     SeeInvis .   c - +2 dagger (speed)
rCold    . . .     Faith    .   (no shield)
rNeg     . . .     Spirit   .   a - +0 robe
rPois    .         Reflect  .   (no helmet)
rElec    .         Harm     .   (no cloak)
rCorr    .         Rampage  .   (no gloves)
Will     .....                  (no boots)
Stlth    ++........             (no amulet)
HPRegen  0.06/turn              (no ring)
MPRegen  0.10/turn              (no ring)

@: no status effects
A: fangs 1, strong nose, distributed training
a: no special abilities


You were on level 1 of the Dungeon.
You visited 1 branch of the dungeon, and saw 1 of its levels.

Inventory:

Hand Weapons
 c - a +2 dagger of speed (weapon)
Armour
 a - a +0 robe (worn)
Potions
 b - a potion of curing {unknown}


   Skills:
 + Level 0.5 Fighting
 + Level 0.5 Short Blades
 + Level 0.5 Long Blades
 + Level 0.5 Axes
 + Level 0.5 Maces & Flails
 + Level 0.5 Polearms
 + Level 0.5 Staves
 + Level 0.5 Slings
 + Level 0.5 Bows
 + Level 0.5 Crossbows
 + Level 0.5 Throwing
 + Level 0.5 Armour
 + Level 4.5 Dodging
 + Level 4.1 Stealth
 + Level 0.5 Shields
 + Level 0.5 Unarmed Combat
 + Level 4.9 Spellcasting
 + Level 7.0 Conjurations
 + Level 0.3 Hexes
 + Level 0.3 Summonings
 + Level 0.3 Necromancy
 + Level 0.3 Translocations
 + Level 0.3 Transmutations
 + Level 0.3 Fire Magic
 + Level 0.3 Ice Magic
 + Level 0.3 Air Magic
 + Level 0.3 Earth Magic
 + Level 0.3 Poison Magic
 + Level 0.6 Invocations
 + Level 0.5 Evocations


You had 9 spell levels left.
You knew the following spells:

 Your Spells              Type           Power      Damage    Failure   Level
a - Magic Dart            Conj           100%       1d8       1%          1

Your spell library contained the following spells:

 Spells                   Type           Power      Damage    Failure   Level
 Searing Ray              Conj           56%        3d5       1%          2
 Dazzling Flash           Conj/Hex       32%        N/A       10%         3
 Fulminant Prism          Conj/Hex       8%         3d7       30%         4
 Iskenderun's Mystic Bla  Conj/Tloc      16%        2d5       30%         4


Dungeon Overview and Level Annotations

Branches:
Dungeon (1/15)

Altars:


Innate Abilities, Weirdness & Mutations

You have very sharp teeth.
Your uncanny sense of smell can sniff out nearby items.
Your experience applies equally to all skills.


Message History

You are too injured to fight recklessly!
Casting: Magic Dart (safe; 1% risk of failure)
Confirm with . or Enter, or press ? or * to list all spells.
Aiming: Magic Dart (safe; 1% risk of failure)
Press: ? - help, Shift-Dir - straight line, f/p - kobold
Aim: a kobold, wielding a +2 dagger of speed (severely wounded, 100% to hit)
The magic dart hits the kobold.
You kill the kobold!
Things that are here:
a +2 dagger of speed; a kobold corpse
c - a +2 dagger of speed The kobold misses you.
The giant cockroach closely misses you.
Your hands tingle!
c - a +2 dagger of speed (weapon)
The kobold barely misses you. The giant cockroach closely misses you.
You are too injured to fight recklessly!
You are too injured to fight recklessly!
You hit the giant cockroach but do no damage.
The giant cockroach closely misses you. The kobold hits you but does no damage.
You barely miss the kobold. You completely miss the kobold.
The giant cockroach bites you. The kobold barely misses you.
You hit the kobold but do no damage. Your bite misses the kobold.
The giant cockroach misses you. The kobold hits you but does no damage.
You miss the kobold. The giant cockroach closely misses you.
You hit the kobold but do no damage. The kobold hits you with a +0 club.
* * * LOW HITPOINT WARNING * * *
The giant cockroach bites you.
* * * LOW HITPOINT WARNING * * *
You hit the kobold but do no damage. The kobold hits you with a +0 club.
* * * LOW HITPOINT WARNING * * *
Casting: Magic Dart (safe; 1% risk of failure)
Confirm with . or Enter, or press ? or * to list all spells.
Aiming: Magic Dart (safe; 1% risk of failure)
Press: ? - help, Shift-Dir - straight line, f - giant cockroach
Aim: a giant cockroach (100% to hit)
The magic dart hits the giant cockroach.
You kill the giant cockroach!
The kobold hits you with a +0 club.
You die...

#....##.#..#............
#....##.#.......##.)###†
#+#..†.................
##.................)[...
......#.#.......###.....
########.......##...#.......
#......#....#............§..
#......#...)#.........#...≈.
#......##..@...........#..≈.
#......##.K##.####.....§#..≈
#......##.....## ....§.§.#.≈
#......#.......# #...§§§..#.
#......#.......# .....≈≈.#
#..|...†.......+ .......§.
#......#.......# ######..
##########†##### ....≈. #.†.
§§§≈.#


You could see a kobold.

Vanquished Creatures
  An endoplasm (D:1)
  2 giant cockroaches (D:1)
  2 goblins (D:1)
  5 jackals (D:1)
  2 kobolds (D:1)
  A ball python (D:1)
  2 bats (D:1)
15 creatures vanquished.

Notes
Turn   | Place    | Note
-------+----------+-------------------------------------------
     0 | D:1      | Crownlay the Gnoll Conjurer began the quest for the Orb.
     0 | D:1      | Reached XP level 1. HP: 13/13 MP: 6/6
   139 | D:1      | Reached XP level 2. HP: 19/19 MP: 5/7
   262 | D:1      | Slain by a kobold

Illustrated notes

Levels and vault maps discovered:
D:1:      minmay_arrival_radiant_lines, layout_basic,
          chequers_ecumenical_altar_simple

Action                   || total
-------------------------++-------
Melee: Dagger            ||     7
 Cast: Magic Dart        ||    26
Armor: Robe              ||     2
Dodge: Dodged            ||    21
